Map: Ascension to Aiur LE

Players

PiG - Winner!

  • Race: Protoss Protoss
  • League: Grandmaster
  • Spawn Location: 11:00

Tambi

  • Race: Zerg Zerg
  • League: Master
  • Spawn Location: 5:00

VOD

https://youtu.be/ucwQWktN_qs

Description

Time

  • Played on: Aug. 23, 2017, 5:43 p.m.
  • Length: 14:47
Show
View Real Time Build Order
Export as new Build Order

PiG Protoss - Winner!

Build Orders: 1 Gate Expand, Zealot Archon, Dark Templar Rush 

Get SALT Encoding   

  12  0:01  Probe (Chrono Boost)  
  13  0:11  Probe (Chrono Boost)  
  14  0:18  Pylon  
  14  0:22  Probe (Chrono Boost)  
  15  0:36  Probe (Chrono Boost)  
  15  0:38  Gateway  
  16  0:46  Assimilator  
  16  0:47  Probe (Chrono Boost)  
  17  0:57  Probe (Chrono Boost)  
  18  1:08  Probe (Chrono Boost)  
  19  1:21  Nexus  
  19  1:24  Probe (Chrono Boost)  
  20  1:34  Cybernetics Core  
  20  1:41  Probe (Chrono Boost)  
  20  1:43  Assimilator  
  21  1:51  Probe (Chrono Boost)  
  22  1:54  Pylon  
  22  2:02  Probe (Chrono Boost)  
  23  2:12  Adept (Chrono Boost), Warp Gate  
  25  2:18  Probe  
  26  2:31  Mothership Core  
  26  2:32  Probe  
  26  2:36  Stalker (Chrono Boost)  
  31  2:42  Probe  
  32  2:52  Twilight Council, Probe  
  32  2:53  Probe  
  34  3:03  Probe  
  34  3:04  Probe  
  36  3:14  Probe  
  36  3:17  Probe  
  36  3:18  Robotics Facility  
  38  3:24  Probe  
  39  3:29  Probe  
  40  3:35  Probe  
  40  3:38  Dark Shrine, Gateway  
  40  3:39  Gateway  
  41  3:41  Probe  
  41  3:46  Probe (Chrono Boost)  
  43  3:50  Pylon  
  43  3:53  Probe (Chrono Boost)  
  44  3:58  Probe (Chrono Boost)  
  44  4:01  Gateway  
  45  4:06  Probe (Chrono Boost)  
  45  4:08  Warp Prism (Chrono Boost)  
  48  4:11  Assimilator, Probe  
  48  4:13  Assimilator  
  49  4:18  Probe  
  49  4:21  Probe  
  51  4:30  Probe  
  52  4:31  Pylon  
  52  4:32  Probe  
  53  4:40  Nexus  
  53  4:42  Pylon  
  53  4:46  Pylon  
  53  4:49  Probe x2  
  55  4:59  Probe  
  55  5:01  Probe  
  55  5:05  Dark Templar x4  
  65  5:10  Probe  
  66  5:22  Probe  
  66  5:23  Probe  
  66  5:26  Warp Prism (Chrono Boost)  
  70  5:30  Forge x2  
  70  5:32  Probe  
  71  5:36  Pylon, Archon x2  
  71  5:41  Sentry  
  71  5:42  Zealot, Sentry  
  77  5:52  Probe x3  
  77  5:55  Robotics Facility  
  80  6:03  Probe x2  
  80  6:04  Probe  
  83  6:15  Dark Templar x4  
  91  6:28  Archon x2  
  91  6:30  Probe  
  91  6:31  Probe  
  91  6:32  Immortal (Chrono Boost), Probe  
  97  6:35  Assimilator, Protoss Ground Weapons Level 1 (Chrono Boost)  
  98  6:40  Pylon, Assimilator  
  98  6:42  Probe  
  98  6:46  Gateway  
  99  6:48  Gateway  
  99  6:49  Gateway  
  99  6:51  Probe  
  99  6:52  Probe  
  101  6:58  Immortal, Probe  
  106  7:08  Probe  
  106  7:10  Probe  
  106  7:12  Charge  
  108  7:16  Protoss Ground Armor Level 1 (Chrono Boost)  
  108  7:20  Gateway  
  108  7:22  Gateway  
  108  7:24  Gateway  
  108  7:25  Gateway  
  108  7:37  Probe  
  109  7:38  Pylon  
  109  7:41  Pylon  
  109  7:43  Templar Archives  
  109  7:57  Immortal, Observer  
  114  8:08  Pylon x2  
  114  8:10  Pylon  
  114  8:11  Zealot x5  
  114  8:12  Pylon  
  124  8:13  Pylon  
  124  8:18  Gateway  
  124  8:19  Gateway  
  124  8:21  Gateway  
  124  8:26  Immortal  
  128  8:36  Immortal  
  128  8:37  Zealot x8  
  148  8:41  Zealot  
  148  8:42  Zealot  
  152  8:55  Protoss Ground Weapons Level 2 (Chrono Boost)  
  142  8:56  Protoss Ground Armor Level 2 (Chrono Boost)  
  136  9:05  High Templar x4, Immortal  
  148  9:10  Photon Cannon  
  148  9:14  Pylon  
  148  9:15  Immortal  
  152  9:18  Pylon  
  152  9:21  Pylon  
  152  9:29  Archon  
  152  9:37  Archon  
  150  9:42  Zealot x7  
  150  9:44  Immortal  
  158  9:52  Dark Templar x3  
  145  9:54  Immortal  
  145  10:00  High Templar x2  
  149  10:13  Zealot x6  
  145  10:23  Immortal  
  147  10:36  Zealot x9  
  165  10:44  Pylon  
  165  10:50  Archon  
  165  10:52  Probe  
  165  10:54  Pylon x2, Probe x2  
  164  10:58  Pylon  
  164  10:59  Pylon  
  164  11:00  Zealot  
  164  11:02  Immortal  
  166  11:08  Mothership Core  
  166  11:11  Protoss Shields Level 1 (Chrono Boost)  
  162  11:12  Protoss Ground Weapons Level 3 (Chrono Boost)  
  154  11:20  Probe  
  154  11:21  Probe  
  143  11:29  Probe  
  143  11:30  Probe  
  145  11:33  Immortal, Probe  
  145  11:35  High Templar x4  
  158  11:40  Nexus  
  158  11:41  Probe  
  158  11:42  Archon  
  158  11:43  Archon  
  158  11:44  High Templar x2  
  163  11:50  Assimilator  
  163  11:52  Archon  
  163  11:54  Assimilator  
  163  12:04  Immortal  
  165  12:14  Zealot x3  
  165  12:15  Zealot x4  
  163  12:42  Zealot x7  
  173  12:45  Probe x2  
  173  12:48  Probe  
  152  13:02  Pylon  
  152  13:15  High Templar x3  
  152  13:16  High Templar x3  
  152  13:17  High Templar x2  
  152  13:19  Archon  
  168  13:20  Archon x2  
  168  13:21  Archon  
  166  13:53  Zealot x5  
  172  13:56  Dark Templar  
  172  14:00  Zealot x5  
  150  14:22  Zealot x5  
  144  14:32  Zealot x3  
Show
View Real Time Build Order
Export as new Build Order

Tambi Zerg 

Build Orders: Hatch First 

Get SALT Encoding   

  12  0:00  Drone  
  13  0:12  Overlord  
  13  0:17  Drone  
  14  0:30  Drone x2  
  14  0:34  Drone  
  17  0:51  Hatchery  
  17  0:54  Drone  
  17  0:57  Drone  
  18  1:08  Extractor  
  17  1:12  Spawning Pool  
  17  1:15  Drone  
  17  1:19  Drone  
  18  1:27  Drone  
  19  1:41  Overlord  
  19  1:49  Drone  
  20  1:58  Queen  
  20  2:00  Zergling x2  
  23  2:03  Queen  
  23  2:04  Zergling x2  
  26  2:09  Metabolic Boost  
  26  2:12  Drone  
  27  2:16  Drone  
  27  2:21  Drone  
  29  2:25  Drone  
  30  2:35  Hatchery  
  29  2:43  Zergling x4  
  31  2:44  Overlord  
  31  2:48  Drone  
  32  2:54  Drone  
  32  2:57  Drone  
  34  3:02  Queen  
  34  3:13  Drone x6  
  34  3:19  Drone x2  
  42  3:22  Drone x2  
  44  3:35  Overlord x2  
  44  3:46  Overlord x2  
  44  3:49  Overlord  
  44  3:50  Roach Warren  
  44  3:51  Extractor  
  44  3:54  Drone x4  
  46  3:58  Queen  
  46  4:01  Drone  
  49  4:03  Drone  
  49  4:07  Queen  
  52  4:15  Zergling x8  
  56  4:18  Overlord  
  56  4:29  Overlord  
  56  4:31  Spore Crawler, Roach  
  56  4:32  Roach x2  
  56  4:34  Spore Crawler  
  60  4:38  Roach  
  60  4:39  Roach  
  60  4:42  Drone  
  60  4:43  Drone x2  
  67  4:50  Drone x3  
  67  4:52  Roach  
  72  4:59  Drone x4  
  76  5:02  Lair  
  76  5:06  Evolution Chamber  
  75  5:13  Overlord  
  74  5:20  Drone x8  
  81  5:23  Zergling x4  
  83  5:28  Overlord  
  83  5:31  Drone x3  
  83  5:32  Zerg Melee Weapons Level 1  
  86  5:40  Overlord  
  86  5:42  Drone x5  
  91  5:43  Drone  
  91  5:48  Drone x3  
  91  5:49  Extractor x2, Drone  
  94  6:05  Overlord  
  94  6:06  Queen  
  94  6:08  Extractor  
  94  6:10  Zergling x2  
  94  6:11  Zergling x14  
  103  6:12  Hatchery  
  95  6:28  Roach x4  
  95  6:29  Roach  
  105  6:34  Drone x3  
  105  6:35  Baneling Nest, Hydralisk Den  
  105  6:39  Overlord  
  106  6:43  Drone x2  
  106  6:44  Extractor, Drone x2  
  109  6:48  Overlord  
  109  6:50  Drone x3  
  109  6:51  Overseer  
  112  7:00  Overlord  
  112  7:17  Hydralisk x6, Muscular Augments  
  112  7:18  Hydralisk x6  
  134  7:25  Overlord  
  134  7:27  Overlord  
  134  7:29  Overseer  
  134  7:35  Hydralisk  
  136  7:37  Overlord x6  
  136  7:42  Centrifical Hooks  
  136  7:43  Zerg Melee Weapons Level 2  
  136  7:50  Zergling x14  
  140  7:57  Hydralisk  
  140  7:58  Hydralisk x3  
  144  8:02  Zergling x6  
  151  8:06  Hydralisk x2  
  151  8:08  Hydralisk  
  157  8:17  Hydralisk x2  
  161  8:21  Baneling x4  
  161  8:24  Zergling x6  
  164  8:34  Hydralisk x7  
  164  8:37  Hydralisk  
  180  8:46  Zergling x10  
  185  8:54  Zergling x2  
  185  8:55  Zergling x6  
  185  8:59  Baneling x14  
  185  9:00  Baneling x6  
  185  9:01  Zergling x2  
  185  9:11  Baneling x5  
  185  9:12  Baneling x4  
  185  9:16  Zergling x14  
  192  9:22  Baneling x4  
  192  9:23  Baneling x2  
  192  9:24  Zergling x8  
  191  9:36  Hydralisk  
  191  9:37  Hydralisk x4  
  192  9:44  Zergling x12  
  187  9:51  Zergling x4  
  173  9:59  Zergling x6  
  169  10:07  Hydralisk x3  
  169  10:09  Baneling x6  
  169  10:11  Zergling x2  
  174  10:15  Hatchery  
  169  10:26  Overseer  
  165  10:29  Hydralisk x7  
  165  10:31  Pneumatized Carapace  
  179  10:36  Overseer  
  179  10:37  Spore Crawler  
  179  10:40  Baneling x2  
  179  10:41  Baneling, Zergling x2  
  179  10:42  Zergling x6  
  182  10:53  Spine Crawler  
  182  10:54  Spine Crawler  
  160  11:11  Baneling  
  160  11:15  Zergling x8  
  160  11:16  Zergling x22  
  171  11:25  Zerg Missile Weapons Level 1  
  166  11:27  Drone x4  
  166  11:29  Zergling x2  
  171  11:37  Hydralisk  
  171  11:38  Hydralisk x3  
  176  11:42  Drone  
  177  11:48  Zergling x6  
  177  11:49  Queen  
  177  11:53  Baneling  
  177  11:54  Baneling x21  
  182  11:57  Zergling x2  
  182  11:58  Zergling x4  
  185  12:07  Infestation Pit  
  178  12:15  Hydralisk  
  174  12:16  Hydralisk x5  
  174  12:22  Burrow  
  162  12:43  Zergling x26  
  162  12:44  Zergling x2  
  168  12:50  Drone  
  158  12:51  Spine Crawler  
  158  12:55  Drone x2  
  157  13:02  Drone x3  
  157  13:04  Baneling x4  
  160  13:08  Zergling x2  
  160  13:09  Zergling x2  
  162  13:14  Zergling x2  
  162  13:15  Zergling x2  
  164  13:20  Baneling x6  
  164  13:21  Baneling  
  162  13:31  Drone x5  
  164  13:38  Overseer  
  164  13:39  Drone x3  
  154  13:48  Drone x2  
  154  13:49  Drone x3  
  154  13:51  Zergling x4  
Tags
 
Add a new tag
Caveats
  • Supply blocks, unpowered buildings, or Contaminate may cause inaccurate times.
  • Supply counts are checked every 10 seconds.